 Dungeon Crawl Stone Soup version 0.15-a0-963-gb693d2a (console) character file.

238 DragonArmour the Basher (level 6, -4/62 HPs)
             Began as an Ogre Berserker on May 22, 2014.
             Was a Priest of Trog.
             Slain by an iguana (8 damage)
             ... on Level 5 of the Dungeon.
             The game lasted 00:05:12 (1181 turns).

DragonArmour the Basher (Ogre Berserker)            Turns: 1181, Time: 00:05:12

HP  -4/62        AC  3     Str 23      XL: 6   Next:  7%
MP   6/6         EV 10     Int  6      God: Trog [***...]
Gold 46          SH  0     Dex 11      Spells:  0 memorised,  5 levels left

rFire  + . .     SeeInvis .     a - +0 mace
rCold  . . .     Clarity  .     q - +0 robe
rNeg   . . .     Conserve .     (shield restricted)
rPois  .         rCorr    .     (helmet restricted)
rElec  .         rRot     .     (no cloak)
SustAb .         Spirit   .     (gloves unavailable)
rMut   .         Warding  .     (boots unavailable)
Gourm  .         Stasis   .     (no amulet)
MR     ++...                    (no ring)
                                u - ring of protection from fire

@: regenerating, very resistant to hostile enchantments, very unstealthy
A: unfitting armour, tough skin 1
a: Burn Spellbooks, Berserk, Trog's Hand, Renounce Religion


You were on level 5 of the Dungeon.
You worshipped Trog.
Trog was most pleased with you.
You were near starving.

You visited 1 branch of the dungeon, and saw 6 of its levels.

You collected 46 gold pieces.

Inventory:

Hand weapons
 a - a +0,+0 mace (weapon)
Armour
 q - a +0 robe (worn)
Comestibles
 b - an apple
 c - a meat ration
 k - a bread ration
Scrolls
 d - a scroll of random uselessness {unknown}
 l - a scroll of noise {unknown}
 n - 2 scrolls of fog {unknown}
 o - 4 scrolls of identify {unknown}
 r - 4 scrolls of enchant weapon I {unknown}
 t - a scroll of amnesia {unknown}
Jewellery
 u - a ring of protection from fire (left hand)
Potions
 e - 3 potions of paralysis {unknown}
 f - 3 potions of curing {unknown}
 g - 2 potions of heal wounds {unknown}
 h - a potion of restore abilities {unknown}
 i - a potion of resistance {unknown}
 j - a potion of confusion {unknown}
 m - a potion of agility {unknown}
 p - a potion of brilliance {unknown}
 s - a potion of haste {unknown}


   Skills:
 - Level 4.0 Fighting
 + Level 8.7 Maces & Flails
 - Level 2.9 Dodging


You had 5 spell levels left.
You didn't know any spells.

Dungeon Overview and Level Annotations

Branches:
Dungeon (6/15)
 Temple: D:4-7

Altars:
The Shining One


Innate Abilities, Weirdness & Mutations

You are too large for most types of armour.
You have tough skin (AC +1).


Message History

You thump the adder!
You kill the adder!
Trog accepts your kill. The iguana bites you!
You hit the iguana but do no damage.
The iguana bites you but does no damage.
You hit the iguana but do no damage. The iguana bites you!
You hit the iguana but do no damage. The iguana bites you!
You hit the iguana but do no damage. The iguana bites you!
* * * LOW HITPOINT WARNING * * *
You closely miss the iguana. The iguana bites you.
* * * LOW HITPOINT WARNING * * *
You completely miss the iguana. The iguana bites you!
* * * LOW HITPOINT WARNING * * *
You are near starving!
Use which ability? (? or * to list)
Your skin crawls.
You feel resistant to hostile enchantments.
You feel slightly more hungry. The iguana bites you!
You die...

..# #..# #......... #..# #..#
#.......... #..# #..#
#.......... #..# #..#
#.......... #..# #..#
#..........# #..# #..#
#........... #..# #..#
#...........
#####..#######..######..######..
.............(..@l......#
........................#
..........######..####..#
..........# #..# #.....
..........# #..# #......
..........# #..# #..####
..........# #..# #..#
..........# #..# #..#
..........# #..# .


You could see an iguana.

Vanquished Creatures
  A scorpion (D:5)
  A crimson imp (D:6)
  An orc wizard (D:6)
  An orc priest (D:6)
  2 gnolls (D:5)
  3 adders
  5 giant geckos (D:1)
  An ooze (D:1)
  2 orcs (D:6)
  2 giant cockroaches (D:1)
  7 goblins
  6 hobgoblins
  A quokka (D:5)
  6 bats
  4 giant newts
  3 kobolds
  11 rats
57 creatures vanquished.

Notes
Turn   | Place    | Note
--------------------------------------------------------------
     0 | D:1      | DragonArmour, the Ogre Berserker, began the quest for the Orb.
     0 | D:1      | Reached XP level 1. HP: 24/24 MP: 1/1
    81 | D:1      | Reached XP level 2. HP: 22/32 MP: 2/2
   195 | D:1      | Acquired Trog's second power
   208 | D:1      | Reached skill level 5 in Maces & Flails
   284 | D:2      | Reached XP level 3. HP: 13/39 MP: 3/3
   492 | D:2      | Found a glowing golden altar of the Shining One.
   699 | D:3      | Reached skill level 6 in Maces & Flails
   916 | D:5      | Entered Level 5 of the Dungeon
   928 | D:5      | Reached XP level 4. HP: 30/48 MP: 4/4
   972 | D:5      | Noticed a scorpion
   977 | D:5      | Killed a scorpion
   977 | D:5      | Reached skill level 7 in Maces & Flails
   977 | D:5      | Reached XP level 5. HP: 30/54 MP: 5/5
  1003 | D:6      | Reached skill level 8 in Maces & Flails
  1066 | D:5      | Reached XP level 6. HP: 37/62 MP: 6/6
  1172 | D:5      | HP: 1/62 [iguana (11)]
  1181 | D:5      | Slain by an iguana

Action                   |  1- 3 |  4- 6 || total
-------------------------+-------+-------++-------
Melee: Mace              |   170 |    45 ||   215
Invok: Trog's Hand       |     1 |     1 ||     2
       Berserk           |       |     1 ||     1
